 Dungeon Crawl Stone Soup version 0.29.1-15-g9cfb28693d (webtiles) character file.

Game seed: 4556325955484057187

11 sentinel the Digger (level 2, 0/20 HPs)
             Began as a Meteoran Earth Elementalist on Aug 13, 2023.
             Succumbed to an adder's poison
             ... on level 3 of the Dungeon.
             The game lasted 00:00:44 (61 turns).

sentinel the Digger (Meteoran Earth Elementalist)     Turns: 61, Time: 00:00:44

Health: 0/20       AC:  2    Str:  9    XL:     2   Next: 58%
Magic:  0/6        EV: 12    Int: 16    God:
Gold:   0          SH:  0    Dex: 14    Spells: 5/6 levels left

rFire   . . .      SeeInvis .   (no weapon)
rCold   . . .      Faith    .   (no shield)
rNeg    . . .      Spirit   .   a - +0 robe
rPois   .          Reflect  .   (no helmet)
rElec   .          Harm     .   (no cloak)
rCorr   .          Rampage  .   (no gloves)
Will    .....                   (no boots)
Stlth   +.........              (no amulet)
HPRegen 0.06/turn               (no ring)
MPRegen 0.10/turn               (no ring)

@: lethally poisoned (0 -> -9), glowing
A: sense surroundings 1, otherworldly, glowing, explore regen
a: no special abilities


You were on level 3 of the Dungeon.
You visited 1 branch of the dungeon, and saw 3 of its levels.

Inventory:

Armour
 a - a +0 robe (worn)
Scrolls
 c - a scroll of identify {unknown}
 d - a scroll of immolation {unknown}
Potions
 b - a potion of magic


   Skills:
 - Level 2.4 Dodging
 - Level 1.4 Stealth
 - Level 2.6 Spellcasting
 - Level 1.2 Transmutations
 + Level 4.5 Earth Magic


You had 5 spell levels left.
You knew the following spells:

 Your Spells              Type           Power      Damage    Failure   Level
a - Sandblast             Erth           32%        2d9       3%          1

Your spell library contained the following spells:

 Spells                   Type           Power      Damage    Failure   Level
 Passwall                 Tmut/Erth      9%         N/A       9%          2
 Stone Arrow              Conj/Erth      18%        3d8       22%         3
 Petrify                  Tmut/Erth      11%        N/A       52%         4
 Passage of Golubria      Tloc           2%         N/A       88%         4
 Silence                  Hex/Air        1%         N/A       99%         5
 Lehudib's Crystal Spear  Conj/Erth      4%         10d3      100%        8


Dungeon Overview and Level Annotations

Branches:
Dungeon (3/15) Zot: 1736

Altars:


Innate Abilities, Weirdness & Mutations

You passively map a small area around you.
You are easily found by Zot.
You glow in the dark.
You regain HP and MP as you explore.


Message History

Welcome, sentinel the Meteoran Earth Elementalist.
The heart of this dungeon contains the breathtaking artefact, the Orb of Zot.
Press ? for a list of commands and other information.
Found 6 stones.
Found a staircase leading out of the dungeon.
Unknown command.
Unknown command.
Unknown command.
You pick up a book of the Moon and begin reading...
You add the spells Passage of Golubria, Silence and Lehudib's Crystal Spear to your library.
Unknown command.
Found 11 gold pieces.
Unknown command.
Saving game... please wait.
Welcome back, sentinel the Meteoran Earth Elementalist.
Press ? for a list of commands and other information.
Okay, then.
Found a scroll labelled COMMONKUNO.
You see here 11 gold pieces.
c - a scroll labelled COMMONKUNO
Found an escape hatch in the floor.
A goblin comes into view. It is wielding a +0 dagger.
The goblin shouts!
There is an escape hatch in the floor here.
The blast of sand hits the goblin!
You kill the goblin!
You can't see any susceptible monsters within range! (Use Z to cast anyway.)
(D) Dungeon
Where to? (? - help) Sorry, I don't know how to get there.
You slide downwards.
The hatch slams shut behind you.
Magic restored.
Found a scroll labelled QIFROQO BENASCH.
Found a stone staircase leading down.
You open the door.
There is an open door here.
d - a scroll labelled QIFROQO BENASCH
There is a stone staircase leading down here.
You climb downwards.
Found 2 stones and a sling.
Found a stone staircase leading down.
There is a stone staircase leading up here.
The blast of sand hits the endoplasm!
You kill the endoplasm!
The blast of sand hits the adder.
The adder is moderately wounded.
The adder closely misses you. x2
The blast of sand misses the adder.
The adder bites you. The adder misses you.
The blast of sand misses the adder.
The adder bites you.
You are lethally poisoned!
The adder poisons you! The adder bites you.
You are more poisoned.
The adder poisons you!
You are too injured to fight recklessly!
Casting: Sandblast (safe; 4% risk of failure)
Confirm with . or Enter, or press ? or * to list all spells.
Aiming: Sandblast (safe; 4% risk of failure)
Press: ? - help, Shift-Dir - straight line, f/p - adder
Aim: an adder (moderately wounded, 70% to hit)
The blast of sand hits the adder!
You kill the adder!
* * * LOW HITPOINT WARNING * * *
You feel very sick.
Your Earth Magic skill increases to level 4!
You have reached level 2!
HP warning!
You die...

, #. , , * #.
** , #.##### *
#>.... , , *
#....#####.*
#.......... ,
#.....8##*
#..@....# , *
#.8.<...# , , ,
#...†.......,
#........8####.
* #...........
#.(.........# *
#....##.....#
#...) #.....#
##### ##....#


There were no monsters in sight!

Vanquished Creatures
  An adder (D:3)
  An endoplasm (D:3)
  A goblin (D:1)
3 creatures vanquished.

Notes
Turn   | Place    | Note
-------+----------+-------------------------------------------
     0 | D:1      | sentinel the Meteoran Earth Elementalist began the quest
                  | for the Orb.
     0 | D:1      | Reached XP level 1. HP: 14/14 MP: 5/5
    61 | D:3      | Reached skill level 4 in Earth Magic
    61 | D:3      | Reached XP level 2. HP: 2/20 MP: 0/6
    61 | D:3      | Succumbed to an adder's poison

Illustrated notes

Levels and vault maps discovered:
D:1:      dpeg_arrival_solitude, layout_basic, shapermc_ecumenical_altar_gd
D:2:      layout_basic, serial_corexii_hall, chequers_hall_statues_y,
          corexii_hall_statues_t
D:3:      layout_basic, nicolae_wu_jian_immortal_techniques,
          kiku_gazebo_pond_becter, serial_shops, nicolae_shop_statue_plus,
          minmay_liquid_box, nicolae_concentric_dashed_squares_wild,
          grunt_ministairs_1

Skill      XL: |  1 |
---------------+----+-----
Earth Magic    | 4 |  4.5
Dodging        | |  2.4
Stealth        | |  1.4
Spellcasting   | |  2.6
Transmutations | |  1.2

Action                   || total
-------------------------++-------
 Cast: Sandblast         ||     6
Dodge: Dodged            ||     3
